 Dungeon Crawl Stone Soup version 0.22-a0-422-g9628fc87f1 (webtiles) character file.

59 Kriby the Chopper (level 4, -2/41 HPs)
             Began as a Hill Orc Monk on May 17, 2018.
             Slain by a gnoll
             ... wielding a +2 halberd of freezing
              (16 damage)
             ... on level 2 of the Dungeon.
             The game lasted 00:01:13 (1812 turns).

Kriby the Chopper (Hill Orc Monk)                   Turns: 1812, Time: 00:01:14

Health: -2/41      AC:  8    Str: 14    XL:     4   Next: 3%
Magic:  4/4        EV:  7    Int: 10    God:
Gold:   69         SH:  0    Dex: 13    Spells: 3/3 levels left

rFire    . . .     SeeInvis .   a - +0 hand axe
rCold    . . .     Gourm    .   (no shield)
rNeg     . . .     Faith    .   i - +0 chain mail
rPois    .         Spirit   .   (no helmet)
rElec    .         Reflect  .   (no cloak)
rCorr    .         Harm     .   (no gloves)
MR       .....                  (no boots)
Stlth    ..........             (no amulet)
HPRegen  0.13/turn              (no ring)
MPRegen  0.09/turn              (no ring)

@: no status effects
A: no striking features
a: no special abilities


You were on level 2 of the Dungeon.
You were not hungry.

You visited 1 branch of the dungeon, and saw 2 of its levels.

You collected 69 gold pieces.

Inventory:

Hand Weapons
 a - a +0 hand axe (weapon)
 l - a +1 spear of piercing
Armour
 b - a +0 robe
 i - a +0 chain mail (worn)
Scrolls
 e - 2 scrolls of blinking {unknown}
 h - a scroll of fear {unknown}
 k - 2 scrolls of identify {unknown}
Potions
 d - a potion of magic {unknown}
 g - a potion of heal wounds {unknown}
Comestibles
 c - 5 rations
 f - 5 chunks of flesh


   Skills:
 + Level 4.3 Fighting
 + Level 4.6 Axes
 + Level 1.6 Armour
 + Level 2.8 Dodging
 - Level 1.5 Stealth


You had 3 spell levels left.
You didn't know any spells.
Your spell library was empty.

Dungeon Overview and Level Annotations

Branches:
Dungeon (2/15)

Altars:


Message History

The gnoll hits you with a halberd of freezing.
The gnoll freezes you.
You are too injured to fight recklessly!
You are too injured to fight recklessly!
You are too injured to fight recklessly!
You are too injured to fight recklessly!
You hit the gnoll.
The gnoll is heavily wounded.
The gnoll hits you but does no damage.
You hit the gnoll.
The gnoll is severely wounded.
The gnoll barely misses you.
You closely miss the gnoll.
The gnoll is severely wounded.
The gnoll hits you with a halberd of freezing.
The gnoll freezes you.
You closely miss the gnoll.
The gnoll is severely wounded.
The gnoll hits you with a halberd of freezing!
You die...

.... .... ... ..
.## ## #.. .#
#g##.###
#.@....#
#.#(.#.# #######
#.#### #.....#
#....# ##.###.#
####.# ...#
#.###########รท#
.###
#........(.)..#
.#
###############
##


You could see a gnoll.

Vanquished Creatures
  2 gnolls (D:2)
  An ooze (D:1)
  2 leopard geckos (D:2)
  7 bats
  2 giant cockroaches (D:1)
  4 hobgoblins
  7 kobolds
  A quokka (D:2)
  A ball python (D:1)
  3 frilled lizards
  6 rats
36 creatures vanquished.

Notes
Turn   | Place    | Note
-------+----------+-------------------------------------------
     0 | D:1      | Kriby the Hill Orc Monk began the quest for the Orb.
     0 | D:1      | Reached XP level 1. HP: 19/19 MP: 1/1
   434 | D:1      | Reached XP level 2. HP: 19/27 MP: 2/2
   712 | D:1      | Reached skill level 1 in Armour
  1208 | D:1      | Reached XP level 3. HP: 22/33 MP: 3/3
  1715 | D:2      | Reached XP level 4. HP: 31/41 MP: 4/4
  1812 | D:2      | Slain by a gnoll

Vault maps used:
D:1:      dpeg_arrival_water_fire
D:2:      nicolae_overflow_crystal_walls

Skill      XL: |  1  2 |
---------------+-------+-----
Armour         | 1 |  1.6
Fighting       | 4 |  4.3
Axes           | |  4.6
Dodging        | |  2.8
Stealth        | |  1.5

Action                   |  1- 3 |  4- 6 || total
-------------------------+-------+-------++-------
Melee: Hand axe          |   131 |     9 ||   140
 Stab: Sleeping          |     2 |       ||     2
  Eat: Chunk             |     3 |       ||     3
Armor: Robe              |    14 |       ||    14
       Chain mail        |    57 |     2 ||    59
Dodge: Dodged            |    72 |     5 ||    77

Table legend:
 A = Spawn XP
 B = Non-spawn XP
 C = Spawn XP percentage of total XP
 D = Spawn monster count
 E = Non-spawn monster count
 F = Spawn count percentage of total count
 G = Total turns spent on level
                    A         B        C        D         E        F      G
               +---------+---------+-------+---------+---------+-------+---------
         Total |       0 |      85 |   0.0 |       0 |      36 |   0.0 |  1812
               +---------+---------+-------+---------+---------+-------+---------
           D:1 |       0 |      34 |   0.0 |       0 |      20 |   0.0 |  1331
           D:2 |       0 |      51 |   0.0 |       0 |      16 |   0.0 |   481
               +---------+---------+-------+---------+---------+-------+---------
